 Dungeon Crawl Stone Soup version 0.29.0-3-gbb0933ed62 (webtiles) character file.

Game seed: 16248364269975342995

27 thebattery the Trooper (level 2, -1/27 HPs)
             Began as a Minotaur Berserker on Aug 25, 2022.
             Was a Follower of Trog.
             Slain by a kobold
             ... wielding a +0 short sword
              (3 damage)
             ... on level 1 of the Dungeon.
             The game lasted 00:02:07 (345 turns).

thebattery the Trooper (Minotaur Berserker)          Turns: 345, Time: 00:02:08

Health: -1/27      AC:  6    Str: 21    XL:     2   Next: 93%
Magic:  1/1        EV: 10    Int:  4    God:    Trog [*.....]
Gold:   23         SH:  0    Dex:  9    Spells: 1/1 levels left

rFire   . . .      SeeInvis .   a - +0 mace
rCold   . . .      Faith    .   (no shield)
rNeg    . . .      Spirit   .   e - +0 scale mail
rPois   .          Reflect  .   (helmet restricted)
rElec   .          Harm     .   (no cloak)
rCorr   .          Rampage  .   (no gloves)
Will    .....                   (no boots)
Stlth   ..........              (no amulet)
HPRegen 0.09/turn               (no ring)
MPRegen 0.07/turn               (no ring)

@: no status effects
A: horns 2, retaliatory headbutt
a: Renounce Religion, Berserk


You were on level 1 of the Dungeon.
You worshipped Trog.
Trog was aware of your devotion.
You visited 1 branch of the dungeon, and saw 1 of its levels.

You collected 23 gold pieces.

Inventory:

Hand Weapons
 a - a +0 mace (weapon)
Armour
 b - a +0 animal skin
 e - a +0 scale mail (worn)
 g - a +0 ring mail
Magical Staves
 i - a staff of cold
Scrolls
 d - a scroll of vulnerability {unknown}
 f - a scroll of identify {unknown}
 h - 2 scrolls of poison {unknown}
 j - a scroll of acquirement {unknown}
Potions
 c - a potion of invisibility {unknown}


   Skills:
 + Level 4.2 Fighting
 + Level 4.2 Maces & Flails
 + Level 2.7 Armour
 + Level 2.4 Dodging


You had one spell level left.
You didn't know any spells.
Your spell library was empty.

Dungeon Overview and Level Annotations

Branches:
Dungeon (1/15)

Altars:


Innate Abilities, Weirdness & Mutations

You have a pair of horns on your head.
You reflexively headbutt those who attack you in melee.


Message History

The kobold closely misses you.
You barely miss the ball python. The kobold closely misses you.
You furiously retaliate!
You headbutt the kobold.
The ball python bites you but does no damage.
The ball python grabs you. The ball python constricts you.
You sock the ball python!
You kill the ball python!
Trog accepts your kill. The kobold hits you but does no damage.
The endoplasm freezes you.
You are frozen.
The kobold hits you but does no damage.
You sock the endoplasm!
You kill the endoplasm!
Trog accepts your kill. The kobold barely misses you.
You barely miss the hobgoblin. The hobgoblin barely misses you.
The kobold hits you but does no damage.
You hit the hobgoblin. Your headbutt misses the hobgoblin.
The hobgoblin is almost dead.
The hobgoblin hits you but does no damage.
The frilled lizard bites you.
* * * LOW HITPOINT WARNING * * *
The kobold misses you.
You hit the hobgoblin.
You kill the hobgoblin!
Trog accepts your kill. The kobold barely misses you.
The frilled lizard barely misses you.
The kobold hits you with a +0 short sword.
* * * LOW HITPOINT WARNING * * *
The frilled lizard bites you but does no damage.
You see here a hobgoblin corpse.
The kobold hits you with a +0 short sword.
* * * LOW HITPOINT WARNING * * *
The frilled lizard closely misses you. The frilled lizard closely misses you.
You sock the frilled lizard!
You kill the frilled lizard!
Trog accepts your kill.
The kobold hits you with a +0 short sword.
You die...

......... .........
..).....## ...[.....#
.......(.########
.........#......## .
..........†.>....## ..
.......!..K@......# #.#
..................#...#
#......#............###
###.####.................
# #...............##
##..........#####
#...........# #
#...........# #.
#...........#


You could see a kobold.

Vanquished Creatures
  A gnoll (D:1)
  2 ball pythons (D:1)
  2 endoplasms (D:1)
  A goblin (D:1)
  5 hobgoblins (D:1)
  4 frilled lizards (D:1)
  2 kobolds (D:1)
  A rat (D:1)
18 creatures vanquished.

Notes
Turn   | Place    | Note
-------+----------+-------------------------------------------
     0 | D:1      | thebattery the Minotaur Berserker began the quest for the
                  | Orb.
     0 | D:1      | Reached XP level 1. HP: 19/19 MP: 0/0
   276 | D:1      | Reached XP level 2. HP: 18/27 MP: 1/1
   345 | D:1      | Slain by a kobold

Illustrated notes

Levels and vault maps discovered:
D:1:      dpeg_arrival_rooms_with_view, layout_rooms, minmay_misc_feat_tower

Skill      XL: |  1 |
---------------+----+-----
Fighting       | 4 |  4.2
Maces & Flails | 4 |  4.2
Armour         | |  2.7
Dodging        | |  2.4

Action                   || total
-------------------------++-------
Melee: Mace              ||    39
       Headbutt          ||     2
Armor: Scale mail        ||    23
Dodge: Dodged            ||    42
